 Dungeon Crawl Stone Soup version 0.17.0-56-gd8de76c (webtiles) character file.

805 Rationalist the Covered (level 8, -4/61 HPs)
             Began as a Formicid Fighter on Dec 6, 2015.
             Slain by a sky beast (6 damage)
             ... on level 5 of the Dungeon.
             The game lasted 00:06:41 (5301 turns).

Rationalist the Covered (Formicid Fighter)          Turns: 5301, Time: 00:06:42

Health: -4/61      AC:  4    Str: 26    XL:     8   Next: 14%
Magic:  8/8        EV: 10    Int:  8    God:
Gold:   228        SH: 11    Dex: 12    Spells: 0 memorised, 7 levels left

rFire  . . .     SeeInvis +     a - +0 war axe
rCold  . . .     Clarity  .     b - +0 scale mail
rNeg   . . .     SustAt   .     c - +1 shield
rPois  .         Gourm    .     (helmet unavailable)
rElec  .         Spirit   .     (no cloak)
rCorr  .         Warding  .     (no gloves)
rMut   .         Stasis   +     (no boots)
MR     .....                    (no amulet)
Stlth  ..........               s - ring of loudness (curse)
                                h - -3 ring of protection (curse)

@: mighty, not resistant to hostile enchantments, extremely unstealthy
A: permanent stasis, dig shafts and tunnels, four strong arms, antennae 3
a: Dig, Shaft Self


You were on level 5 of the Dungeon.
You were not hungry.

You visited 2 branches of the dungeon, and saw 6 of its levels.

You collected 228 gold pieces.

Inventory:

Hand Weapons
 a - a +0 war axe (weapon)
Missiles
 g - 10 javelins (quivered)
 j - 23 sling bullets
 p - 16 silver sling bullets
Armour
 b - a +0 scale mail (worn)
 c - a +1 shield (worn)
Magical Staves
 x - an uncursed staff of conjuration {unknown}
Jewellery
 h - a cursed -3 ring of protection (left hand)
 q - a +1 ring of slaying {unknown}
 s - a cursed ring of loudness (right hand)
 y - an uncursed ring of protection from fire {unknown}
Wands
 n - a wand of frost (10)
 o - a wand of magic darts (27)
Scrolls
 f - a scroll of recharging
 i - 2 scrolls of enchant armour
Potions
 k - 2 potions of mutation {unknown}
 l - a potion of magic {unknown}
 m - a potion of brilliance {unknown}
 r - a potion of beneficial mutation {unknown}
 z - a potion of cure mutation {unknown}
Comestibles
 e - 4 bread rations
 t - a royal jelly
 u - a slice of pizza
 v - a meat ration
 w - 6 chunks of flesh


   Skills:
 + Level 4.8 Fighting
 + Level 4.2 Axes
 + Level 0.1 Throwing
 + Level 6.3 Armour
 + Level 2.7 Dodging
 + Level 0.3 Stealth
 + Level 5.5 Shields


You had 7 spell levels left.
You didn't know any spells.

Dungeon Overview and Level Annotations

Branches:
Dungeon (5/15)             Temple (1/1) D:4

Altars:
Dithmenos
Fedhas
Kikubaaqudgha
Ru
Vehumet
Yredelemnul


Innate Abilities, Weirdness & Mutations

You are under a permanent stasis effect.
You can dig through walls and to a lower floor.
Your four strong arms can wield two-handed weapons with a shield.
You have a pair of large antennae on your head (SInv).


Message History

You block the sky beast's attack.
Drink which item? (? for menu, Esc to quit)
Okay, then.
Drink which item? (? for menu, Esc to quit)
You feel very mighty all of a sudden. The sky beast hits you.
* * * LOW HITPOINT WARNING * * *
The sky beast shocks you.
* * * LOW HITPOINT WARNING * * *
You closely miss the sky beast.
The sky beast is heavily wounded.
You block the sky beast's attack.
The sky beast hits you but does no damage.
You closely miss the sky beast.
The sky beast is heavily wounded.
The sky beast flickers out of sight for a moment.
The sky beast hits you.
* * * LOW HITPOINT WARNING * * *
The sky beast shocks you.
You die...

##.###.....# ##.##
##..... #.## ##....
#..# ##..... #####
#.#.# #.<...#
#...####.##.#.....##
#...).(((..(.#.####
###...####.#####.
#.$..@Y..#.# #.
#.##.###.#.. .. # #.
#### .. #. ... #. ##


You could see a sky beast (invisible).

Vanquished Creatures
  Menkaure (D:4)
  2 ogres (D:4)
  A centaur (D:5)
  A hound (D:4)
  A crimson imp (D:5)
  3 orc wizards (D:3)
  A giant frog skeleton (D:4)
  An orc priest (D:3)
  A centaur skeleton (D:4)
  A worker ant (D:4)
  An iguana (D:4)
  A hound skeleton (D:4)
  8 adders
  4 worms
  A giant gecko (D:4)
  4 orcs
  5 giant cockroaches
  6 hobgoblins
  5 jackals
  A quokka (D:4)
  7 bats
  6 giant newts
  2 goblins
  5 kobolds
  6 rats
  11 plants (D:1)
86 creatures vanquished.

Vanquished Creatures (others)
  A bush (D:4)
1 creature vanquished.

Grand Total: 87 creatures vanquished

Notes
Turn   | Place    | Note
--------------------------------------------------------------
     0 | D:1      | Rationalist the Formicid Fighter began the quest for the Orb.
     0 | D:1      | Reached XP level 1. HP: 18/18 MP: 1/1
   502 | D:1      | Reached XP level 2. HP: 17/24 MP: 2/2
  1164 | D:2      | Reached skill level 4 in Shields
  1164 | D:2      | Reached XP level 3. HP: 25/29 MP: 3/3
  1230 | D:2      | Found a faded altar to an unknown god.
  1678 | D:2      | Reached skill level 1 in Dodging
  1678 | D:2      | Reached XP level 4. HP: 25/35 MP: 4/4
  2470 | D:3      | Reached XP level 5. HP: 19/41 MP: 5/5
  2488 | D:3      | Reached XP level 6. HP: 8/48 MP: 6/6
  3352 | D:4      | Reached skill level 5 in Shields
  3518 | D:4      | Reached skill level 5 in Armour
  3909 | D:4      | Reached XP level 7. HP: 46/54 MP: 7/7
  3979 | D:4      | Noticed Menkaure
  3988 | D:4      | Killed Menkaure
  4995 | D:4      | Found a staircase to the Ecumenical Temple.
  5010 | Temple   | Entered the Ecumenical Temple
  5233 | D:5      | Entered Level 5 of the Dungeon
  5262 | D:5      | Reached skill level 6 in Armour
  5262 | D:5      | Reached XP level 8. HP: 33/61 MP: 8/8
  5299 | D:5      | HP: 3/61 [sky beast (5)]
  5301 | D:5      | Slain by a sky beast

Action                   |  1- 3 |  4- 6 |  7- 9 || total
-------------------------+-------+-------+-------++-------
Melee: War axe           |   267 |   118 |   100 ||   485
Throw: Javelin           |       |     4 |     3 ||     7
 Abil: Dig               |     1 |     1 |       ||     2
  Use: Scroll            |       |     4 |       ||     4
       Potion            |       |     1 |     2 ||     3
  Eat: Chunk             |     3 |     7 |     5 ||    15
